 Dungeon Crawl Stone Soup version 0.28.0-53-g5a82cb258f (webtiles) character file.

Game seed: 18098520670903819832

121 Sin92 the Skirmisher (level 4, -3/36 HPs)
             Began as a Demonspawn Fighter on July 19, 2022.
             Slain by Crazy Yiuf
             ... wielding a +3 quarterstaff of chaos
              (12 damage)
             ... on level 2 of the Dungeon.
             The game lasted 00:01:11 (1775 turns).

Sin92 the Skirmisher (Demonspawn Fighter)           Turns: 1775, Time: 00:01:11

Health: -3/36      AC:  6    Str: 18    XL:     4   Next: 77%
Magic:  4/4        EV:  9    Int: 10    God:
Gold:   78         SH:  0    Dex: 12    Spells: 3/3 levels left

rFire   . . .      SeeInvis .   a - +1 war axe
rCold   . . .      Faith    .   c - +0 buckler
rNeg    . . .      Spirit   .   b - +0 scale mail
rPois   .          Reflect  .   (no helmet)
rElec   .          Harm     .   (no cloak)
rCorr   .          Rampage  .   (no gloves)
Will    .....                   (no boots)
Stlth   ..........              i - amulet of the acrobat
HPRegen 0.12/turn               (no ring)
MPRegen 0.09/turn               (no ring)

@: confused
A: spiny 1, demonic magic 1
a: no special abilities


You were on level 2 of the Dungeon.
You visited 1 branch of the dungeon, and saw 2 of its levels.

You collected 78 gold pieces.

Inventory:

Hand Weapons
 a - a +1 war axe (weapon)
Armour
 b - a +0 scale mail (worn)
 c - a +0 buckler (worn)
Jewellery
 g - a ring of magical power
 i - an amulet of the acrobat (around neck)
Scrolls
 e - a scroll of magic mapping
 f - 2 scrolls of identify
Potions
 d - a potion of might
 h - a potion of flight
 j - 2 potions of brilliance {unknown}
 k - a potion of curing
 l - a potion of attraction {unknown}


   Skills:
 + Level 3.6 Fighting
 * Level 3.1 Axes
 + Level 3.3 Armour
 + Level 3.2 Shields


You had 3 spell levels left.
You didn't know any spells.
Your spell library was empty.

Dungeon Overview and Level Annotations

Branches:
Dungeon (2/15)

Altars:

Annotations:
D:2 Crazy Yiuf


Innate Abilities, Weirdness & Mutations

You are partially covered in sharp spines.
Spells you cast may paralyse adjacent enemies.


Message History

You closely miss the bat. The bat closely misses you.
You block the bat's attack. The bat is struck by your spines.
You kill the bat!
You see here a bat corpse.
There is a stone staircase leading down here.
There is a stone staircase leading down here.
You see here a +0 mace.
Key pressed, stopping explore.
No target in view!
Things that are here:
a +0 short sword; 3 stones; a +0 whip Crazy Yiuf screams, "Tonal bush down!"
Crazy Yiuf screams, "Peeping!"
No reachable target in view!
Could not explore, unopened runed door.
No reachable target in view!
Could not explore, unopened runed door.
No reachable target in view!
Could not explore, unopened runed door.
No reachable target in view!
Could not explore, unopened runed door.
You open the door. You closely miss Crazy Yiuf. Crazy Yiuf barely misses you.
You closely miss Crazy Yiuf.
Crazy Yiuf laughs, "Fire King canine!"
Crazy Yiuf is struck by your spines.
Crazy Yiuf hits you with a +3 quarterstaff of chaos.
You are confused.
You bump into the stone wall.
Crazy Yiuf screams, "Peeping head hog!"
Crazy Yiuf hits you with a +3 quarterstaff of chaos.
You bump into the tree.
Crazy Yiuf is struck by your spines.
Crazy Yiuf hits you with a +3 quarterstaff of chaos.
Crazy Yiuf burns you.
You're too confused to move!
Crazy Yiuf hits you with a +3 quarterstaff of chaos!
* * * LOW HITPOINT WARNING * * *
You convulse!
You die...

#.........#
#....#....########
######....#...........#
######
....##...##############
#....# .........# #....#
.##.##...# #....##
.........# ###** ♣♣##.....#
##...†...# #)..#♣♣
♣♣........# ....######
#...g@♣♣♣♣......##.###
.........#
#...#♣..♣.............
##..###.##
###**♣♣♣.♣....####.##. ##..#
#.# ♣♣♣♣♣### #.##. ...## #.#
#.##. #### #.###
############# #.##. # #.#.#
#........##.# #.##. # #.#.#
#.....##....#####.##. ##
##.#.###......####.#.....##.


You could see Crazy Yiuf.

Vanquished Creatures
  Natasha (thrice) (D:2)
  An adder (D:2)
  A worm (D:2)
  A dart slug (D:2)
  5 endoplasms
  3 hobgoblins
  4 kobolds
  3 quokkas (D:2)
  A ball python (D:1)
  5 bats
  3 frilled lizards
  4 goblins
  6 rats
40 creatures vanquished.

Notes
Turn   | Place    | Note
-------+----------+-------------------------------------------
     0 | D:1      | Sin92 the Demonspawn Fighter began the quest for the Orb.
     0 | D:1      | Reached XP level 1. HP: 18/18 MP: 1/1
   228 | D:1      | Found a faded altar of an unknown god.
   361 | D:1      | Gained mutation: You are partially covered in sharp spines.
                  | [demonic ancestry]
   361 | D:1      | Reached XP level 2. HP: 24/24 MP: 2/2
   832 | D:2      | Found a runed translucent door.
   833 | D:2      | Noticed Crazy Yiuf
   935 | D:2      | Gained mutation: Spells you cast may paralyse adjacent
                  | enemies. [demonic ancestry]
   935 | D:2      | Reached XP level 3. HP: 29/29 MP: 3/3
  1228 | D:2      | Noticed Natasha
  1235 | D:2      | Killed Natasha
  1236 | D:2      | Reached XP level 4. HP: 16/35 MP: 4/4
  1489 | D:2      | Noticed Natasha
  1493 | D:2      | Killed Natasha
  1541 | D:2      | Noticed Natasha
  1552 | D:2      | Killed Natasha
  1775 | D:2      | Slain by Crazy Yiuf

Illustrated notes

Levels and vault maps discovered:
D:1:      dpeg_arrival_water_fire, layout_basic, ebering_ecumenical_altar_mist
D:2:      layout_basic, uniq_natasha, uniq_crazy_yiuf_cottage

Skill      XL: |  1  2  3  4 |
---------------+-------------+-----
Axes           | 2 3 |  3.1
Armour         | 3 |  3.3
Shields        | 3 |  3.2
Fighting       | |  3.6

Action                   |  1- 3 |  4- 6 || total
-------------------------+-------+-------++-------
Melee: War axe           |    63 |    14 ||    77
  Use: Scroll            |     3 |     1 ||     4
Armor: Scale mail        |    21 |     2 ||    23
Dodge: Dodged            |    29 |     7 ||    36
Block: Buckler           |    13 |     3 ||    16
